 Dungeon Crawl Stone Soup version 0.29-a0-474-gdfe5cd140f (webtiles) character file.

Game seed: 9152933773759284945

18273 ytrimaz the Basher (level 12, 0/97 HPs)
             Began as a Formicid Fighter on May 23, 2022.
             Was a High Priest of Okawaru.
             Slain by a slime creature (8 damage)
             ... on level 12 of the Dungeon.
             The game lasted 00:21:14 (11054 turns).

ytrimaz the Basher (Formicid Fighter)              Turns: 11054, Time: 00:21:14

Health: 0/97       AC: 22    Str: 24    XL:     12   Next: 93%
Magic:  27/27      EV:  7    Int: 12    God:    Okawaru [*****.]
Gold:   1705       SH:  4    Dex: 10    Spells: 11/11 levels left

rFire   + . .      SeeInvis +   A - +7 mace "Kontyune" {freeze, +Blink rElec rF+ MP+9}
rCold   . . .      Faith    .   c - +0 buckler
rNeg    . . .      Spirit   .   u - +0 plate armour
rPois   +          Reflect  .   (helmet unavailable)
rElec   +          Harm     .   l - +0 cloak {Stlth+}
rCorr   .          Rampage  .   w - +1 pair of gloves
Will    +++..                   z - +2 pair of boots
Stlth   ..........              h - amulet of regeneration
HPRegen 1.06/turn               i - ring of poison resistance
MPRegen 0.20/turn               K - ring of willpower

@: no status effects
A: permanent stasis, dig shafts and tunnels, antennae 3, four strong arms,
clever 1, strong-willed 1, electricity resistance
a: Dig, Shaft Self, Renounce Religion, Heroism, Finesse, Duel


You were on level 12 of the Dungeon.
You worshipped Okawaru.
Okawaru was extremely pleased with you.
You visited 2 branches of the dungeon, and saw 13 of its levels.
You also visited: Bailey and Gauntlet.

You collected 1999 gold pieces.
You spent 294 gold pieces at shops.

Inventory:

Hand Weapons
 a - a +0 war axe of protection
 q - a +1 vorpal broad axe
 A - the +7 mace "Kontyune" (weapon) {freeze, +Blink rElec rF+ MP+9}
   (You found it on level 4 of the Dungeon)

   It freezes those it strikes, dealing additional cold damage.
   It can also slow down cold-blooded creatures.
   rF:        It protects you from fire.
   rElec:     It insulates you from electricity.
   MP:        It affects your magic capacity (+9).
   +Blink:    It lets you blink.
 C - a +2 glaive of protection
 H - a +3 war axe
 J - a +0 battleaxe
 L - the +7 spear of the Arena {vorpal, rC++}
   (You found it in a Gauntlet)

   It inflicts extra damage upon your enemies.
   rC:        It greatly protects you from cold.
Missiles
 s - 6 silver javelins
 x - 3 throwing nets
Armour
 c - a +0 buckler (worn)
 d - the +0 plate armour of Compression {rPois rF++ rC- SInv}
   (You found it in a bailey)

   rF:        It greatly protects you from fire.
   rC:        It makes you vulnerable to cold.
   rPois:     It protects you from poison.
   SInv:      It lets you see invisible.
 l - a +0 cloak of stealth (worn)
 p - a +0 cloak
 u - a +0 plate armour (worn)
 w - a +1 pair of gloves (worn)
 z - a +2 pair of boots (worn)
Jewellery
 b - an amulet of guardian spirit
 h - an amulet of regeneration (around neck)
 i - a ring of poison resistance (left hand)
 k - a +6 ring of dexterity
 t - an amulet of magic regeneration
 I - an amulet of reflection
 K - a ring of willpower (right hand)
Wands
 m - a wand of paralysis (23)
 n - a wand of mindburst (3)
 o - a wand of polymorph (8)
 v - a wand of flame (23)
 B - a wand of iceblast (12)
Scrolls
 f - a scroll of acquirement
 g - 4 scrolls of enchant weapon
 j - 2 scrolls of fear
 y - 2 scrolls of silence
 D - 7 scrolls of identify
 E - 2 scrolls of amnesia
 F - 5 scrolls of fog
Potions
 e - 4 potions of curing
 r - 3 potions of resistance
 G - 5 potions of brilliance
 M - a potion of ambrosia {unknown}


   Skills:
 + Level 9.7 Fighting
 - Level 5.3(10.3) Axes
 - Level 13.5(14.0) Maces & Flails
 + Level 11.1 Armour
 - Level 4.0 Shields
 * Level 8.1 Invocations


You had 11 spell levels left.
You didn't know any spells.
Your spell library contained the following spells:

 Spells                   Type           Power      Damage    Failure   Level
 Foxfire                  Conj/Fire      0%         2x1d4     99%         1
 Shock                    Conj/Air       0%         1d3       99%         1
 Sublimation of Blood     Necr           0%         N/A       99%         2
 Wereblood                Tmut           0%         N/A       99%         2
 Conjure Flame            Conj/Fire      0%         6-21      100%        3
 Ignite Poison            Fire/Tmut/Pois 0%         N/A       100%        3
 Inner Flame              Hex/Fire       0%         N/A       100%        3
 Airstrike                Air            0%         N/A       100%        4
 Flame Wave               Conj/Fire      0%         2d4       100%        4
 Sticky Flame             Conj/Fire      0%         2d3       100%        4
 Blade Hands              Tmut           0%         N/A       100%        5
 Borgnjor's Vile Clutch   Necr/Erth      0%         N/A       100%        5
 Iron Shot                Conj/Erth      0%         9d1       100%        6
 Necromutation            Tmut/Necr      0%         N/A       100%        8
 Swiftness                Air            Unusable   N/A       N/A         3
 Animate Armour           Summ/Erth      Unusable   N/A       N/A         4
 Summon Hydra             Summ           Unusable   N/A       N/A         7

Dungeon Overview and Level Annotations

Branches:
Dungeon (12/15)            Temple (1/1) D:6            Lair (0/6) D:8
    Orc (0/2) D:9          Bailey (visited)         Gauntlet (visited)

Altars:
Ashenzari
Cheibriados
Dithmenos
Elyvilon
Fedhas
Gozag
Hepliaklqana
Kikubaaqudgha
Makhleb
Nemelex Xobeh
Okawaru
Qazlal
Ru
Sif Muna
Trog
Uskayaw
Vehumet
Wu Jian
Xom
Yredelemnul
Zin
The Shining One

Shops:
D:2 :=   D:4 *   D:7 **(:

Annotations:
D:4 1 runed translucent door, Crazy Yiuf
D:9 exclusion: 2 orc priests


Innate Abilities, Weirdness & Mutations

You cannot be hasted, slowed, berserked, paralysed or teleported.
You can dig through walls and to a lower floor.
You have a pair of large antennae on your head. (SInv)
Your four strong arms can wield two-handed weapons with a shield.
Your mind is acute. (Int +2)
You are strong-willed. (Will+)
You are resistant to electric shocks. (rElec)


Message History

You kill the slime creature!
Okawaru accepts your kill.
A slime creature comes into view.
The slime creature hits you.
The slime creature hits you but does no damage.
You hit the slime creature. You freeze the slime creature.
The slime creature is moderately wounded.
The slime creature hits you but does no damage. x2
The slime creature hits you.
You sock the slime creature! You freeze the slime creature.
The slime creature is heavily wounded.
The slime creature hits you! You block the slime creature's attack.
The slime creature hits you.
You hit the slime creature. You freeze the slime creature.
The slime creature is heavily wounded.
The slime creature hits you but does no damage.
You block the slime creature's attack.
The slime creature hits you but does no damage.
You thump the slime creature! You freeze the slime creature.
The slime creature is severely wounded.
You barely miss the slime creature.
The slime creature is severely wounded.
The slime creature hits you! x2
* * * LOW HITPOINT WARNING * * *
The slime creature closely misses you. The slime creature hits you!
* * * LOW HITPOINT WARNING * * *
Two slime creatures merge to form a large slime creature.
The slime creature attacks as you move away!
The slime creature hits you.
* * * LOW HITPOINT WARNING * * *
The slime creature hits you but does no damage.
The slime creature hits you!
* * * LOW HITPOINT WARNING * * *
A large slime creature splits.
Two slime creatures merge to form a large slime creature.
The slime creature attacks as you move away!
The slime creature hits you but does no damage.
The slime creature attacks as you move away!
The slime creature hits you!
You die...

#...........# #...
####...........# #.....#+#
#..............# #.....#..
#..............# #.....#..
#..............# #.....#..
#....(...J.....# +.....#'#
#..............# #........
####........JJ....######........
#.............J@................
#.........######.......∩......##
##.........+ #..............#.
...####'#..# #..............'.
..{#....#..# #......######..#.
...#....#..##+###......# #..##
..J#....#..............# #....
...#....#.......####)#.######.###
...#....#....####..<.#.##.....#


You could see a large slime creature and 3 slime creatures.

Vanquished Creatures
  An orc warlord (Bailey)
  A minotaur (Gauntlet)
  A centaur warrior (D:11)
  A soul eater (Gauntlet)
  2 wizards (Gauntlet)
  2 orc knights
  3 cyclopes
  Maurice (D:8)
  A centaur zombie (D:12)
  Joseph (D:8)
  An unseen horror (D:12)
  A komodo dragon (D:11)
  2 trolls
  Prince Ribbit (D:9)
  Grinder (D:4)
  A slime creature (D:12)
  Sigmund (D:5)
  A wraith (D:12)
  Grum (D:8)
  16 yaks
  A vampire (D:10)
  3 shadows
  2 swamp worms (Gauntlet)
  3 water moccasins
  Edmund (D:5)
  2 ice beasts
  11 orc warriors
  2 sky beasts (D:7)
  6 black bears
  2 wolves (D:8)
  7 centaurs
  2 kobold brigands
  5 bullfrogs
  4 necrophages
  2 gnoll sergeants
  4 scorpions
  13 wights
  6 killer bees (D:11)
  An electric eel (D:9)
  11 howler monkeys
  2 jellies
  3 hounds
  7 orc priests
  A gnoll shaman (D:8)
  5 iguanas
  Ijyb (D:4)
  6 orc wizards
  14 gnolls
  6 adders
  3 shadow imps (Gauntlet)
  8 white imps
  4 worms
  2 dart slugs (D:2)
  56 orcs
  7 ball pythons
  6 bats
  3 endoplasms
  2 giant cockroaches
  9 goblins
  11 hobgoblins
  3 jackals (D:1)
  5 quokkas
  5 frilled lizards
  20 kobolds
  A rat (D:2)
318 creatures vanquished.

Vanquished Creatures (others)
  20 fungi (D:8)
  31 plants
51 creatures vanquished.

Grand Total: 369 creatures vanquished

Notes
Turn   | Place    | Note
-------+----------+-------------------------------------------
     0 | D:1      | ytrimaz the Formicid Fighter began the quest for the Orb.
     0 | D:1      | Reached XP level 1. HP: 18/18 MP: 1/1
   207 | D:1      | Found a faded altar of an unknown god.
   422 | D:1      | Reached XP level 2. HP: 24/24 MP: 2/2
   940 | D:2      | Found Ynazosic's Book Boutique.
   980 | D:2      | Reached XP level 3. HP: 28/30 MP: 3/3
  1076 | D:2      | Found Jacuanam's Jewellery Boutique.
  1256 | D:2      | Identified a scroll of acquirement
  1674 | D:3      | Reached XP level 4. HP: 37/37 MP: 4/4
  2477 | D:4      | Found a hazy altar of Hepliaklqana.
  2498 | D:4      | Noticed Ijyb
  2511 | D:4      | Killed Ijyb
  2512 | D:4      | Reached XP level 5. HP: 31/42 MP: 5/5
  2625 | D:4      | Noticed Grinder
  2650 | D:4      | Killed Grinder
  2651 | D:4      | Reached skill level 5 in Axes
  2651 | D:4      | Reached XP level 6. HP: 30/49 MP: 6/6
  2688 | D:4      | Identified the +0 robe "Deso" {Fly rF- SInv}
  2898 | D:4      | Found a runed translucent door.
  2899 | D:4      | Noticed Crazy Yiuf
  2904 | D:4      | Identified the +7 mace "Kontyune" {freeze, +Blink rElec rF+
                  | MP+9}
  3157 | D:4      | Found Xianlat's General Store.
  3294 | D:4      | Reached skill level 5 in Armour
  3294 | D:4      | Reached XP level 7. HP: 55/55 MP: 7/7
  3457 | D:5      | Entered Level 5 of the Dungeon
  3531 | D:5      | Noticed Sigmund
  3537 | D:5      | Killed Sigmund
  3538 | D:5      | Reached skill level 1 in Maces & Flails
  3634 | D:5      | Found a snail-covered altar of Cheibriados.
  3746 | D:5      | Reached skill level 2 in Maces & Flails
  3774 | D:5      | Noticed a water moccasin
  3783 | D:5      | Killed a water moccasin
  3784 | D:5      | Reached XP level 8. HP: 56/61 MP: 8/8
  3808 | D:5      | Reached skill level 3 in Maces & Flails
  3812 | D:5      | Noticed Edmund
  3826 | D:5      | Killed Edmund
  3827 | D:5      | Reached skill level 5 in Fighting
  4017 | D:5      | Reached skill level 4 in Maces & Flails
  4655 | D:6      | Reached skill level 5 in Maces & Flails
  4734 | D:6      | Identified the +7 spear "Posot" {drain, Int+3}
  4847 | D:6      | Reached skill level 6 in Maces & Flails
  4847 | D:6      | Reached XP level 9. HP: 60/68 MP: 9/9
  4938 | D:6      | Found a staircase to the Ecumenical Temple.
  4954 | Temple   | Entered the Ecumenical Temple
  5020 | Temple   | Became a worshipper of Warmaster Okawaru
  5115 | D:7      | Reached skill level 7 in Maces & Flails
  5137 | D:7      | Found Peitunuu's Weapon Shop.
  5174 | D:7      | Found Jegysaec's Assorted Antiques.
  5177 | D:7      | Bought a runed glaive for 294 gold pieces
  5271 | D:7      | Reached * piety under Okawaru
  5284 | D:7      | Found Zelleq's Book Shop.
  5307 | D:7      | Reached skill level 8 in Maces & Flails
  5421 | D:7      | Reached skill level 1 in Invocations
  5825 | D:7      | Found Lutsefuv's Assorted Antiques.
  5859 | D:7      | Found a basalt altar of Yredelemnul.
  5860 | D:7      | Found an ancient bone altar of Kikubaaqudgha.
  5862 | D:7      | Found a glowing silver altar of Zin.
  5866 | D:7      | Found an opulent altar of Gozag.
  5871 | D:7      | Found a shimmering altar of Xom.
  6087 | D:8      | Found a staircase to the Lair.
  6102 | D:8      | Reached ** piety under Okawaru
  6103 | D:8      | Reached skill level 9 in Maces & Flails
  6103 | D:8      | Reached XP level 10. HP: 61/76 MP: 11/11
  6125 | D:8      | Noticed Joseph
  6138 | D:8      | Noticed Maurice
  6149 | D:8      | Killed Joseph
  6150 | D:8      | Reached skill level 10 in Maces & Flails
  6150 | D:8      | Reached *** piety under Okawaru
  6159 | D:8      | Killed Maurice
  6159 | D:8      | Received a gift from Okawaru
  6166 | D:8      | Noticed Grum
  6173 | D:8      | Killed Grum
  6325 | D:8      | Found a flagged portal.
  6445 | Bailey   | Entered a bailey
  6450 | Bailey   | Noticed an orc warlord
  6492 | Bailey   | Noticed an orc knight
  6566 | Bailey   | Killed an orc knight
  6605 | Bailey   | Found a runed translucent gate.
  6606 | Bailey   | Found a runed translucent gate.
  6607 | Bailey   | Found a runed translucent gate.
  6616 | Bailey   | Reached **** piety under Okawaru
  6666 | Bailey   | Killed an orc warlord
  6667 | Bailey   | Reached skill level 11 in Maces & Flails
  6667 | Bailey   | Reached XP level 11. HP: 47/84 MP: 14/14
  6680 | Bailey   | Identified the +0 plate armour of Compression {rPois rF++
                  | rC- SInv}
  6696 | Bailey   | Gained mutation: You are resistant to electric shocks.
                  | (rElec) [potion of mutation]
  6696 | Bailey   | Gained mutation: You are strong-willed. (Will+) [potion of
                  | mutation]
  6696 | Bailey   | Gained mutation: Your mind is acute. (Int +2) [potion of
                  | mutation]
  6796 | D:8      | Found a stormy altar of Qazlal.
  6799 | D:8      | Found a blossoming altar of Fedhas.
  7038 | D:8      | Acquired 862 gold pieces
  7106 | D:9      | Reached skill level 5 in Invocations
  7106 | D:9      | Reached ***** piety under Okawaru
  7331 | D:9      | Noticed Prince Ribbit
  7352 | D:9      | Killed Prince Ribbit
  7353 | D:9      | Reached skill level 12 in Maces & Flails
  7860 | D:9      | Found a staircase to the Orcish Mines.
  7927 | D:10     | Entered Level 10 of the Dungeon
  8602 | D:10     | Noticed an orc knight
  8627 | D:10     | Killed an orc knight
  8908 | D:11     | Reached XP level 12. HP: 67/94 MP: 16/16
  9324 | D:11     | Identified the +2 mace of Suekah {vorpal, Will+} (Okawaru
                  | gifted it to you on level 11 of the Dungeon)
  9324 | D:11     | Received a gift from Okawaru
  9370 | D:11     | Noticed a centaur warrior
  9377 | D:11     | Killed a centaur warrior
  9382 | D:11     | Reached skill level 13 in Maces & Flails
  9382 | D:11     | Reached skill level 10 in Armour
  9830 | D:12     | Found a gate leading to a gauntlet.
  9861 | Gauntlet | Entered a Gauntlet
  9861 | Gauntlet | Noticed a soul eater
  9861 | Gauntlet | Found a transporter.
  9861 | Gauntlet | Found a transporter.
  9867 | Gauntlet | Found a transporter.
  9879 | Gauntlet | Found a transporter.
  9897 | Gauntlet | Found a transporter.
  9897 | Gauntlet | Found a transporter.
  9897 | Gauntlet | Found a transporter.
  9899 | Gauntlet | Found a transporter.
  9899 | Gauntlet | Found a transporter.
  9911 | Gauntlet | Found a transporter.
  9927 | Gauntlet | Found a transporter.
  9937 | Gauntlet | Found a transporter.
  9966 | Gauntlet | Found a transporter.
  9985 | Gauntlet | Found a transporter.
 10123 | Gauntlet | Killed a soul eater
 10133 | Gauntlet | Identified the +7 spear of the Arena {vorpal, rC++}
 10255 | Gauntlet | Got Cigotuvi's Catalogue of Necromancy and Moulding
 10290 | Gauntlet | Noticed a minotaur
 10316 | Gauntlet | Killed a minotaur
 10316 | Gauntlet | Received a gift from Okawaru
 10632 | D:12     | Found a shimmering blue altar of Sif Muna.
 11050 | D:12     | HP: 4/97 [slime creature (10)]
 11054 | D:12     | Slain by a slime creature

Illustrated notes

Levels and vault maps discovered:
D:1:      wheals_arrival_shading, layout_loops_corners,
          shapermc_ecumenical_altar_flowoftime, corner_web_ring
D:2:      layout_basic, serial_glass, glass_columns_a, glass_columns_c,
          serial_shops, nicolae_shop_temple_entry_statues_fountains,
          nicolae_shop_behind_doors, st_stairs_5, chequers_garden
D:3:      layout_loops_ring, serial_glass, glass_columns_b, glass_columns_c
D:4:      layout_loops_ring, mainiacjoe_overflow_surrounded_room, serial_shops,
          nicolae_inconvenience_store, uniq_grinder, uniq_ijyb,
          uniq_crazy_yiuf_cottage
D:5:      layout_basic, mainiacjoe_overflow_24_doors, uniq_sigmund, uniq_edmund
D:6:      layout_rooms, temple_hall
D:7:      layout_basic, minitemple, serial_shops, nicolae_shop_statue_plus,
          nicolae_shop_behind_doors, nicolae_stop_n_shop_1, shop
D:8:      layout_cave_pools, grunt_temple_overflow_forces_of_nature,
          due_lair_maze_entry_diamond, enter_bailey_8, uniq_maurice, uniq_grum,
          uniq_joseph
D:9:      layout_rooms, erik_orc_2, uniq_prince_ribbit1
D:10:     cheibrodos_orc_bank, layout_loops_ring
D:11:     layout_loops_corners
D:12:     layout_irregular_city, serial_undead, serial_undead_f,
          serial_undead_c, serial_undead_a, serial_undead_c,
          gauntlet_entry_generic, led_sif_pool
Temple:   nicolae_temple_god_jail

Skill      XL: |  1  2  3  4  5  6  7  8  9 10 11 12 |
---------------+-------------------------------------+-----
Axes           | 3 5 |  5.3
Armour         | 4 5 6 7 8 9 11 | 11.1
Fighting       | 4 5 6 7 8 9 |  9.7
Maces & Flails | 2 6 9 11 12 13 | 13.5
Invocations    | 1 4 6 8 |  8.1
Shields        | |  4.0

Action                   |  1- 3 |  4- 6 |  7- 9 | 10-12 || total
-------------------------+-------+-------+-------+-------++-------
Melee: War axe           |   101 |    94 |       |       ||   195
       Mace              |       |     6 |   238 |   675 ||   919
Invok: Heroism           |       |       |       |    12 ||    12
       Finesse           |       |       |       |     2 ||     2
 Abil: Dig               |       |       |     1 |       ||     1
  Use: Scroll            |     1 |     3 |     9 |     9 ||    22
       Potion            |       |     2 |       |    10 ||    12
Armor: Scale mail        |    74 |    41 |   122 |    89 ||   326
       Plate armour      |       |       |       |   306 ||   306
Dodge: Dodged            |    61 |    38 |    74 |   225 ||   398
Block: Buckler           |    34 |    13 |    55 |   175 ||   277

Table legend: (Time is in decaauts)
 A = Elapsed time spent in this place.
 B = Non-inter-level travel time spent in this place.
 C = Inter-level travel time spent in this place.
 D = Time resting spent in this place.
 E = Time spent auto-exploring this place.
 F = Levels seen in this place.
 G = Mean time per level.
                   A        B        C        D        E       F      G
               +--------+--------+--------+--------+--------+-----+--------+
         Total |  10989 |  10591 |    398 |    306 |   7342 |  15 |  732.6 |
       Dungeon |  10125 |   9769 |    356 |    199 |   7186 |  12 |  843.8 |
        Temple |     83 |     41 |     42 |      0 |     29 |   1 |   83.0 |
        Bailey |    280 |    280 |      0 |     30 |      4 |   1 |  280.0 |
      Gauntlet |    499 |    499 |      0 |     77 |    123 |   1 |  499.0 |
               +--------+--------+--------+--------+--------+-----+--------+

Top non-repeatable levels by time:
     D:5: 1055 daAuts
     D:4: 1010 daAuts
     D:7: 986 daAuts
     D:1: 953 daAuts
    D:11: 951 daAuts
    D:10: 898 daAuts
     D:9: 837 daAuts
     D:3: 834 daAuts
     D:2: 731 daAuts
     D:8: 686 daAuts
    D:12: 663 daAuts
     D:6: 515 daAuts
Gauntlet: 499 daAuts
  Bailey: 280 daAuts
  Temple: 83 daAuts
